 Dungeon Crawl Stone Soup version 0.29.1-1-gd02db6906a (webtiles) character file.

Game seed: 4322381931278297802

121 H0rd4k the Insei (level 5, 0/33 HPs)
             Began as an Octopode Transmuter on Oct 17, 2022.
             Killed from afar by an orc (7 damage)
             ... with a bolt of acid
             ... on level 3 of the Dungeon.
             The game lasted 00:02:34 (2140 turns).

H0rd4k the Insei (Octopode Transmuter)              Turns: 2140, Time: 00:02:34

Health: 0/33       AC: -3    Str:  9    XL:     5   Next: 5%
Magic:  7/8        EV: 13    Int: 18    God:
Gold:   134        SH:  0    Dex: 12    Spells: 8/9 levels left

rFire   . . .      SeeInvis .     - Unarmed
rCold   . . .      Faith    .   (no shield)
rNeg    . . .      Spirit   .   (helmet currently unavailable)
rPois   .          Reflect  .   (no amulet)
rElec   .          Harm     .   o - +4 ring of slaying
rCorr   .          Rampage  .   (no ring)
Will    .....                   (no ring)
Stlth   +++.......              (no ring)
HPRegen 0.11/turn               (no ring)
MPRegen 0.11/turn               (no ring)
                                (no ring)
                                (no ring)

@: appendages (expiring), corroded
A: tentacle spike 3, almost no armour, amphibious, 8 rings, camouflage 1,
gelatinous body 1, (nimble swimmer 1), tentacles
a: End Transformation


You were on level 3 of the Dungeon.
One of your tentacles had grown a beastly spike.
You visited 1 branch of the dungeon, and saw 3 of its levels.

You collected 134 gold pieces.

Inventory:

Hand Weapons
 l - a +0 dagger of electrocution
Magical Staves
 k - a staff of earth
Jewellery
 o - a +4 ring of slaying (left tentacle)
Scrolls
 b - a scroll of poison {unknown}
 c - a scroll of amnesia {unknown}
 d - a scroll of teleportation {unknown}
 e - 4 scrolls of identify {unknown}
 g - a scroll of enchant weapon {unknown}
 j - a scroll of fog {unknown}
 m - a scroll of blinking {unknown}
Potions
 a - a potion of lignification
 f - a potion of invisibility {unknown}
 h - a potion of attraction {unknown}
 i - 2 potions of curing {unknown}
 n - a potion of ambrosia {unknown}


   Skills:
 + Level 1.2 Fighting
 + Level 2.6 Dodging
 + Level 1.5 Stealth
 + Level 4.1 Unarmed Combat
 + Level 2.5 Spellcasting
 + Level 2.9 Transmutations


You had 8 spell levels left.
You knew the following spells:

 Your Spells              Type           Power      Damage    Failure   Level
a - Beastly Appendage     Tmut           24%        N/A       5%          1

Your spell library contained the following spells:

 Spells                   Type           Power      Damage    Failure   Level
 Wereblood                Tmut           12%        N/A       8%          2
 Spider Form              Tmut/Pois      7%         N/A       28%         3
 Ice Form                 Ice/Tmut       7%         N/A       67%         4


Dungeon Overview and Level Annotations

Branches:
Dungeon (3/15)

Altars:
Nemelex Xobeh

Shops:
D:1 :


Innate Abilities, Weirdness & Mutations

One of your tentacles has grown a beastly spike.
You cannot wear most types of armour.
You are amphibious.
You can wear up to eight rings at the same time.
Your skin changes colour to match your surroundings (Stealth+).
Your rubbery body absorbs attacks. (AC +1, EV +1)
((You are camouflaged when in or above water. (Stealth+)))
You have tentacles for arms and can constrict up to eight enemies at once.


Message History

You have reached level 5!
You feel clever.
Your transformation is almost over.
Found a whip.
The kobold throws a stone.
The stone hits you but does no damage.
There is a stone staircase leading down here.
Your tentacle spike disappears.
The kobold hits you with a +0 dagger.
You tentacle-slap the orc. You grab the orc. You squeeze the orc.
You kill the orc!
You closely miss the kobold. Your grab misses the kobold.
You squeeze the kobold.
You kill the kobold!
You closely miss the orc. Your grab misses the orc.
Your squeeze misses the orc. The orc hits you with a +0 whip.
You barely miss the orc. You grab the orc. You constrict the orc.
The orc barely misses you.
You tentacle-slap the orc. You squeeze the orc.
The orc is almost dead.
You constrict the orc.
You kill the orc!
Items here: ( ))) ††.
An orc is nearby!
An orc is nearby!
An orc is nearby!
Casting: Beastly Appendage (safe; 5% risk of failure)
Confirm with . or Enter, or press ? or * to list all spells.
One of your tentacles grows a vicious spike.
The orc shouts!
The orc throws a boomerang.
The boomerang hits you.
The orc throws a boomerang.
The boomerang barely misses you.
The orc zaps a wand.
The bolt of acid hits you!!
Ouch! That really hurt!
* * * LOW HITPOINT WARNING * * *
The acid corrodes you!
The orc zaps a wand.
The bolt of acid misses you.
You aren't carrying any items that you can evoke.
Your transformation is almost over.
The orc zaps a wand.
The bolt of acid hits you!
You die...

.....###..#..###.......###
###..S...###.†...##..#.).#
###.#........##)###...##..#
#...###...)..##........##...#
#.### #####.#............##.#
#.# #................... ..#
###.........########. ###
#.........# # # #...@.....# #
#...o.....# #.........#
#.........# #####.....#
........ ....... .......


You could see an orc.

Vanquished Creatures
  An orc priest (D:3)
  An adder (D:2)
  2 dart slugs (D:1)
  3 orcs (D:3)
  7 ball pythons
  6 bats
  6 endoplasms
  3 giant cockroaches (D:2)
  5 goblins
  6 hobgoblins
  10 jackals (D:1)
  2 quokkas (D:2)
  4 frilled lizards
  6 kobolds
  5 rats
67 creatures vanquished.

Notes
Turn   | Place    | Note
-------+----------+-------------------------------------------
     0 | D:1      | H0rd4k the Octopode Transmuter began the quest for the Orb.
     0 | D:1      | Reached XP level 1. HP: 13/13 MP: 3/3
    75 | D:1      | Reached XP level 2. HP: 13/18 MP: 3/5
   401 | D:1      | Reached XP level 3. HP: 19/23 MP: 6/6
   915 | D:1      | Found Fysilum's Book Emporium.
  1208 | D:2      | Reached XP level 4. HP: 25/28 MP: 5/7
  2085 | D:3      | Found a sparkling altar of Nemelex Xobeh.
  2113 | D:3      | Reached skill level 1 in Stealth
  2113 | D:3      | Reached skill level 4 in Unarmed Combat
  2113 | D:3      | Reached XP level 5. HP: 30/33 MP: 6/8
  2140 | D:3      | Killed from afar by an orc

Illustrated notes

Levels and vault maps discovered:
D:1:      matt_arrival_spirals, layout_loops_ring, serial_shops,
          nicolae_square_shop
D:2:      layout_basic, lightli_corner_chamber
D:3:      layout_rooms, nemelex_spade_bored_becter, kennysheep_donut

Skill      XL: |  1  2  3  4 |
---------------+-------------+-----
Stealth        | 1 |  1.5
Unarmed Combat | 4 |  4.1
Fighting       | |  1.2
Dodging        | |  2.6
Spellcasting   | |  2.5
Transmutations | |  2.9

Action                   |  1- 3 |  4- 6 || total
-------------------------+-------+-------++-------
Melee: Unarmed           |    74 |    46 ||   120
       Constrict         |    20 |    17 ||    37
       Tentacles         |    14 |    11 ||    25
       Kick              |    16 |    10 ||    26
       Punch             |     1 |     1 ||     2
 Cast: Beastly Appendage |     9 |     8 ||    17
 Stab: Sleeping          |     5 |     1 ||     6
Armor: Skin              |    11 |     6 ||    17
Dodge: Dodged            |    53 |    22 ||    75
